AoeStats
← Your Mom

Arena

508822347Analyzed
2v2 RM · 9d ago on Sep 24, 2026· 25m 24s· 4 players
Game mode
Random Map
Map size
Medium (4 player)
Population
200
Speed
Normal
Resources
Standard
Victory
Conquest
Starting age
Dark Age
Ending age
Imperial Age
RankedLock teamsTeams togetherTeam positionsShared explorationLock speedFull tech treeHidden civsTurbo modeCheats
Victory
Defeat
🇦🇺 Romans · Australia
853
+12
🇲🇽 Bengalis · Mexico
825
+13
🇨🇳 Britons · China
776
-27
🇩🇪 Franks · Germany
764
-13
lin
10:53 Feudal Age
14:18 Padded Archer Armor
14:10 Fletching
19:20 Castle Age
20:09 Pikeman
Your Mom
0:27 Loom
10:52 Feudal Age
11:33 Double-Bit Axe
12:39 Wheelbarrow
19:11 Castle Age
21:04 Bow Saw
21:54 Pikeman
22:36 Squires
22:49 Scale Mail Armor
avilareall
9:59 Feudal Age
14:32 Castle Age
13:20 Double-Bit Axe
13:38 Gold Mining
17:31 Sanctity
17:41 Redemption
23:58 Wheelbarrow
shanesolimo
10:12 Feudal Age
17:24 Castle Age
18:21 Double-Bit Axe
18:18 Horse Collar
19:23 Bow Saw
19:36 Heavy Plow
20:57 Wheelbarrow
23:21 Hand Cart
Connection lost

Rejoining the realm…

Still unreachable

The connection could not be restored.

Session expired

The server has moved on; the page needs a fresh start.